 Dungeon Crawl Stone Soup version 0.28-a0-385-g79de503ca0 (webtiles) character file.

Game seed: 3538226014840251318

126 Decipherer the Chopper (level 4, -4/61 HPs)
             Began as a Minotaur Berserker on Sept 3, 2021.
             Was a Believer of Trog.
             Slain by a kobold brigand (6 damage)
             ... in a sewer.
             The game lasted 00:02:47 (2857 turns).

Decipherer the Chopper (Minotaur Berserker)         Turns: 2857, Time: 00:02:48

Health: -4/61      AC:  2    Str: 22    XL:     4   Next: 83%
Magic:  3/3        EV: 12    Int:  4    God:    Trog [**....]
Gold:   78         SH:  0    Dex: 10    Spells: 3/3 levels left

rFire   x . .      SeeInvis .   a - +1 hand axe
rCold   + . .      Faith    .   (no shield)
rNeg    . . .      Spirit   .   b - +0 animal skin
rPois   .          Reflect  .   (helmet restricted)
rElec   .          Harm     .   (no cloak)
rCorr   .          Rampage  .   (no gloves)
Will    .....                   (no boots)
Stlth   ..........              (no amulet)
HPRegen 0.20/turn               g - ring of ice
MPRegen 0.08/turn               (no ring)

@: berserking (expiring), slowed, very slow
A: horns 2, retaliatory headbutt
a: Renounce Religion, Berserk, Trog's Hand


You were in a sewer.
You worshipped Trog.
Trog was pleased with you.
You visited 1 branch of the dungeon, and saw 3 of its levels.
You also visited: Sewer.

You collected 78 gold pieces.

Inventory:

Hand Weapons
 a - a +1 hand axe (weapon)
Missiles
 d - 4 atropa-tipped darts
 h - 10 poisoned darts
Armour
 b - a +0 animal skin (worn)
 c - a +0 plate armour
 i - a +0 chain mail
Jewellery
 g - a ring of ice (left hand)
Scrolls
 j - a scroll of identify {unknown}
Potions
 e - a potion of berserk rage
 f - a potion of brilliance {unknown}


   Skills:
 + Level 4.6 Fighting
 + Level 5.2 Axes
 + Level 2.5 Armour
 + Level 3.3 Dodging
 + Level 0.4 Stealth


You had 3 spell levels left.
You didn't know any spells.
Your spell library contained the following spells:

 Spells                   Type           Power      Damage    Failure   Level
 Ozocubu's Armour         Ice            0%         N/A       86%         3
 Ozocubu's Refrigeration  Ice            0%         4d5       100%        7


Dungeon Overview and Level Annotations

Branches:
Dungeon (3/15)              Sewer (1/1)

Altars:
Yredelemnul


Innate Abilities, Weirdness & Mutations

You have a pair of horns on your head.
You reflexively headbutt those who attack you in melee.


Message History

You are too injured to fight recklessly!
Unknown command.
Calm down first, please.
You are too injured to fight recklessly!
Unknown command.
Calm down first, please.
You are too injured to fight recklessly!
Unknown command.
Calm down first, please.
You are too injured to fight recklessly!
Unknown command.
You feel a strong urge to attack something.
The kobold brigand barely misses you. You furiously retaliate!
You headbutt the kobold brigand!
The kobold brigand hits you with a +0 club!
* * * LOW HITPOINT WARNING * * *
Your unstable footing causes you to fumble your attack.
The kobold brigand splashes around in the water.
You miss the kobold brigand.
The kobold brigand is moderately wounded.
You slash the worm!
The kobold brigand hits you with a +0 club.
* * * LOW HITPOINT WARNING * * *
The worm splashes around in the water.
Your unstable footing causes you to fumble your attack.
The kobold brigand hits you with a +0 club!
* * * LOW HITPOINT WARNING * * *
The worm barely misses you. You furiously retaliate!
You headbutt the worm!!
You kill the worm!
Trog accepts your kill.
You barely miss the kobold brigand.
The kobold brigand is moderately wounded.
The kobold brigand splashes around in the water.
You hit the kobold brigand but do no damage.
The kobold brigand is moderately wounded.
The kobold brigand splashes around in the water.
You slash the kobold brigand!
The kobold brigand is heavily wounded.
The kobold brigand hits you with a +0 club.
You die...

#.≈≈≈≈≈. ##≈≈≈≈..
#≈≈≈..≈ #≈≈.≈.≈
#≈≈..≈. #######
##.≈.≈.≈ #.≈≈≈.#####
##≈.≈.≈≈.
#####≈≈≈≈≈####..≈.##≈≈
#.≈≈K@###≈≈..≈≈≈.####≈
####### #≈≈≈.≈.≈≈# #.
#≈≈.≈...## ≈
≈.≈≈####### #####


You could see a kobold brigand.

Vanquished Creatures
  2 river rats (Sewer)
  An adder (Sewer)
  4 worms
  2 dart slugs (D:1)
  6 endoplasms
  3 giant cockroaches
  6 goblins
  3 hobgoblins
  8 kobolds
  A quokka (D:2)
  8 ball pythons
  4 bats
  A frilled lizard (D:1)
  9 rats
58 creatures vanquished.

Vanquished Creatures (collateral kills)
  Terence (D:3)
1 creature vanquished.

Grand Total: 59 creatures vanquished

Notes
Turn   | Place    | Note
-------+----------+-------------------------------------------
     0 | D:1      | Decipherer the Minotaur Berserker began the quest for the
                  | Orb.
     0 | D:1      | Reached XP level 1. HP: 19/19 MP: 0/0
   515 | D:1      | Reached skill level 4 in Axes
   523 | D:1      | Reached XP level 2. HP: 27/27 MP: 1/1
  1007 | D:1      | Found a faded altar of an unknown god.
  1053 | D:1      | Reached XP level 3. HP: 32/33 MP: 2/2
  1379 | D:2      | Reached ** piety under Trog
  1658 | D:2      | Found a basalt altar of Yredelemnul.
  2114 | D:3      | Noticed Terence
  2114 | D:3      | HP: 1/33 [hobgoblin (2)]
  2123 | D:3      | Killed Terence
  2124 | D:3      | Reached XP level 4. HP: 4/41 MP: 3/3
  2257 | D:3      | Found a glowing drain.
  2271 | D:3      | Reached skill level 5 in Axes
  2278 | Sewer    | Entered a sewer
  2845 | Sewer    | Noticed a kobold brigand
  2854 | Sewer    | HP: 1/61 [kobold brigand (8)]
  2857 | Sewer    | Slain by a kobold brigand

Illustrated notes

Levels and vault maps discovered:
D:1:      dpeg_arrival_rooms_with_view, layout_loops_ring,
          chequers_ecumenical_altar_island
D:2:      layout_loops_ring, basic_altar
D:3:      layout_basic, cheibrodos_sewer_entry_bend, uniq_crazy_yiuf_cottage,
          uniq_robin, uniq_terence
Sewer:    sewer_co_tree

Skill      XL: |  1  2  3  4 |
---------------+-------------+-----
Axes           | 4 5 |  5.2
Fighting       | 4 |  4.6
Dodging        | 3 |  3.3
Armour         | |  2.5
Stealth        | |  0.4

Action                   |  1- 3 |  4- 6 || total
-------------------------+-------+-------++-------
Melee: Hand axe          |   110 |    40 ||   150
       Headbutt          |    14 |     4 ||    18
Invok: Berserk           |     1 |     1 ||     2
  Use: Scroll            |     2 |       ||     2
       Potion            |     2 |       ||     2
 Stab: Sleeping          |     1 |       ||     1
Armor: Animal skin       |    19 |     1 ||    20
       Skin              |     6 |       ||     6
Dodge: Dodged            |    66 |    28 ||    94

Table legend: (Time is in decaauts)
 A = Elapsed time spent in this place.
 B = Non-inter-level travel time spent in this place.
 C = Inter-level travel time spent in this place.
 D = Time resting spent in this place.
 E = Time spent auto-exploring this place.
 F = Levels seen in this place.
 G = Mean time per level.
                   A        B        C        D        E       F      G
               +--------+--------+--------+--------+--------+-----+--------+
         Total |   2930 |   2869 |     61 |      0 |   2246 |   4 |  732.5 |
       Dungeon |   2303 |   2242 |     61 |      0 |   1687 |   3 |  767.7 |
         Sewer |    626 |    626 |      0 |      0 |    559 |   1 |  626.0 |
               +--------+--------+--------+--------+--------+-----+--------+

Top non-repeatable levels by time:
     D:1: 1360 daAuts
   Sewer: 626 daAuts
     D:2: 586 daAuts
     D:3: 356 daAuts
